 Dungeon Crawl Stone Soup version 0.30-a0-170-g85af917532 (webtiles) character file.

Game seed: 2510938719086198541

521 Iusername the Slasher (level 7, -7/60 HPs)
             Began as a Minotaur Fighter on Sept 30, 2022.
             Was an Initiate of Gozag.
             Mangled by a gnoll
             ... wielding a +0 halberd
             ... led by a gnoll bouda
              (11 damage)
             ... on level 5 of the Dungeon.
             The game lasted 00:04:27 (3658 turns).

Iusername the Slasher (Minotaur Fighter)            Turns: 3658, Time: 00:04:28

Health: -7/60      AC:  7    Str: 23    XL:     7   Next: 1%
Magic:  6/6        EV: 10    Int:  5    God:    Gozag
Gold:   524        SH:  4    Dex:  9    Spells: 6/6 levels left

rFire   . . .      SeeInvis .    a - +3 long sword
rCold   . . .      Faith    .    c - +0 buckler
rNeg    . . .      Spirit   .    b - +0 scale mail
rPois   .          Reflect  .    (helmet restricted)
rElec   .          Harm     .    (no cloak)
rCorr   .          Rampage  .    (no gloves)
Will    .....                    (no boots)
Stlth   ..........               (no amulet)
HPRegen 0.20/turn                (no ring)
MPRegen 0.10/turn                (no ring)

@: mighty, gold aura
A: horns 2, retaliatory headbutt
a: Renounce Religion, Potion Petition, Call Merchant, Bribe Branch


You were on level 5 of the Dungeon.
You worshipped Gozag.
Gozag was pleased with you.
You visited 1 branch of the dungeon, and saw 5 of its levels.

You collected 550 gold pieces.
You paid 26 gold pieces to Gozag.

Inventory:

Hand Weapons
 a - a +3 long sword (weapon)
Armour
 b - a +0 scale mail (worn)
 c - a +0 buckler (worn)
Jewellery
 j - a ring of protection from cold
 l - an amulet of regeneration
 t - a +6 ring of dexterity
Scrolls
 e - a scroll of torment {unknown}
 f - a scroll of blinking {unknown}
 g - a scroll of immolation {unknown}
 m - a scroll of amnesia {unknown}
 n - 3 scrolls of summoning {unknown}
 o - 5 scrolls of identify {unknown}
 p - a scroll of enchant armour {unknown}
 r - 3 scrolls of teleportation {unknown}
 u - a scroll of vulnerability {unknown}
 w - a scroll of fear {unknown}
Potions
 h - 2 potions of curing
 i - a potion of brilliance {unknown}
 k - a potion of haste {unknown}
 q - 3 potions of attraction {unknown}
 s - 2 potions of mutation {unknown}
 v - a potion of ambrosia {unknown}
 x - a potion of heal wounds {unknown}


   Skills:
 + Level 4.8 Fighting
 + Level 6.4 Long Blades
 + Level 5.3 Armour
 + Level 2.2 Dodging
 + Level 1.0 Stealth
 + Level 4.3 Shields


You had 6 spell levels left.
You didn't know any spells.
Your spell library contained the following spells:

 Spells                   Type           Power      Damage    Failure   Level
 Magic Dart               Conj           0%         1d3       86%         1
 Sandblast                Erth           0%         2d4       86%         1
 Passwall                 Tmut/Erth      0%         N/A       94%         2
 Searing Ray              Conj           0%         2d4       94%         2
 Stone Arrow              Conj/Erth      0%         3d7       99%         3
 Fulminant Prism          Conj/Hex       0%         3d6       100%        4


Dungeon Overview and Level Annotations

Branches:
Dungeon (5/15)             Temple (0/1) D:5

Altars:
Elyvilon
Gozag
Makhleb
Qazlal
Ru
Trog
Xom
The Shining One

Shops:
D:5 [


Innate Abilities, Weirdness & Mutations

You have a pair of horns on your head.
You reflexively headbutt those who attack you in melee.


Message History

The gnoll is no longer distracted by gold.
The gnoll bouda gazes fiercely through you!
You feel your attacks grow feeble.
The gnoll is no longer moving quickly.
The gnoll closely misses you.
The gnoll bouda barks out a call to the hunt!
The gnoll picks up the pace!
You closely miss the gnoll bouda. You headbutt the gnoll bouda.
The gnoll bouda is moderately wounded.
The gnoll hits you from afar with a +0 halberd.
* * * LOW HITPOINT WARNING * * *
The gnoll bouda closely misses you.
You barely miss the gnoll bouda.
The gnoll bouda is moderately wounded.
The gnoll hits you but does no damage.
The gnoll bouda hits you but does no damage.
You completely miss the gnoll bouda. You headbutt the gnoll bouda!
The gnoll bouda is severely wounded.
The gnoll hits you from afar with a +0 halberd.
* * * LOW HITPOINT WARNING * * *
You block the gnoll bouda's attack.
You slash the gnoll bouda!
You kill the gnoll bouda!
The gnoll barely misses you. The gnoll closely misses you.
The gnoll misses you. The gnoll hits you with a +0 halberd.
* * * LOW HITPOINT WARNING * * *
Things that are here:
11 gold pieces; a +0 whip; a +0 robe It was a potion of curing.
You feel better. The gnoll hits you but does no damage.
The gnoll hits you with a +0 halberd!
* * * LOW HITPOINT WARNING * * *
You slash the gnoll!
The gnoll is severely wounded.
Your attacks no longer feel as feeble.
You block the gnoll's attack. The gnoll barely misses you.
You furiously retaliate!
You headbutt the gnoll!
You kill the gnoll!
You have reached level 7!
The gnoll hits you with a +0 halberd!
You die...
Your body crumbles into a pile of gold.

#. # #.# #. #.# #.#####
#.# #...#.. #.# ###.#.#
#.# #$#.#
##########.#####@#.#
#...............g#.#
........##.#####.#.#.##
.............>..$.....#
.8.......#.......#.#..#
.8._....######....... #
.8.................#..#
.8888....#####.#.#.####
.........#.....#....


You could see a gnoll (swift).

Vanquished Creatures
  Sigmund (D:4)
  5 hounds
  A gnoll bouda (D:5)
  An iguana (D:5)
  7 adders
  2 gnolls (D:5)
  5 dart slugs
  2 orcs (D:4)
  2 endoplasms
  3 giant cockroaches
  9 goblins
  3 hobgoblins
  8 jackals
  3 quokkas (D:2)
  2 ball pythons
  8 bats
  6 frilled lizards
  7 kobolds
  6 rats
81 creatures vanquished.

Vanquished Creatures (others)
  A wizard (D:4)
  A quokka (D:4)
2 creatures vanquished.

Grand Total: 83 creatures vanquished

Notes
Turn   | Place    | Note
-------+----------+-------------------------------------------
     0 | D:1      | Iusername the Minotaur Fighter began the quest for the Orb.
     0 | D:1      | Reached XP level 1. HP: 19/19 MP: 0/0
    68 | D:1      | Reached XP level 2. HP: 26/27 MP: 1/1
   613 | D:1      | Reached XP level 3. HP: 33/33 MP: 2/2
   740 | D:1      | Reached skill level 3 in Long Blades
   946 | D:2      | Found an opulent altar of Gozag.
   971 | D:2      | Became a worshipper of Gozag Ym Sagoz the Greedy
  1027 | D:2      | Reached skill level 1 in Dodging
  1807 | D:3      | Reached XP level 4. HP: 40/40 MP: 3/3
  2003 | D:3      | Found a stormy altar of Qazlal.
  2250 | D:3      | Reached skill level 4 in Long Blades
  2531 | D:4      | Reached XP level 5. HP: 46/46 MP: 4/4
  2564 | D:4      | Noticed Sigmund
  2572 | D:4      | Killed Sigmund
  2573 | D:4      | Reached skill level 5 in Long Blades
  2573 | D:4      | Reached XP level 6. HP: 46/53 MP: 5/5
  2618 | D:4      | Found a white marble altar of Elyvilon.
  2716 | D:4      | Found a bloodstained altar of Trog.
  2719 | D:4      | Noticed a wizard
  2722 | D:4      | Killed a wizard
  2771 | D:4      | Reached skill level 5 in Armour
  3036 | D:4      | Found a burning altar of Makhleb.
  3036 | D:4      | Found a sacrificial altar of Ru.
  3036 | D:4      | Found a shimmering altar of Xom.
  3270 | D:5      | Entered Level 5 of the Dungeon
  3287 | D:5      | Found a staircase to the Ecumenical Temple.
  3359 | D:5      | Reached skill level 6 in Long Blades
  3458 | D:5      | Found a glowing golden altar of the Shining One.
  3484 | D:5      | Found Waevudif's Armour Shop.
  3611 | D:5      | Found an opulent altar of Gozag.
  3649 | D:5      | Reached skill level 1 in Stealth
  3658 | D:5      | Reached XP level 7. HP: 4/60 MP: 6/6
  3658 | D:5      | Mangled by a gnoll

Illustrated notes

Levels and vault maps discovered:
D:1:      shiori_arrival_oz, layout_basic
D:2:      minmay_general_purpose_star, layout_loops_cross, basic_altar
D:3:      layout_basic, mainiacjoe_overflow_six_doors_small, patterned_corridor
D:4:      layout_basic, elyvilon_altar_4, trog_wizard,
          gammafunk_temple_overflow_claw, uniq_sigmund
D:5:      layout_basic, mainiacjoe_overflow_chevrons,
          mainiacjoe_overflow_tiny_flanked, minmay_temple_entry_slanted,
          serial_shops, nicolae_square_shop

Skill      XL: |  1  2  3  4  5  6 |
---------------+-------------------+-----
Armour         | 4 5 |  5.3
Fighting       | 4 |  4.8
Long Blades    | 3 4 5 6 |  6.4
Shields        | 4 |  4.3
Dodging        | 1 2 |  2.2
Stealth        | 1 |  1.0

Action                   |  1- 3 |  4- 6 |  7- 9 || total
-------------------------+-------+-------+-------++-------
Melee: Long sword        |    82 |    98 |       ||   180
       Headbutt          |    10 |    17 |       ||    27
  Use: Potion            |       |     3 |       ||     3
       Scroll            |       |     3 |       ||     3
Armor: Scale mail        |    62 |    44 |       ||   106
Dodge: Dodged            |    47 |    68 |       ||   115
Block: Buckler           |    18 |    26 |       ||    44

Table legend: (Time is in decaauts)
 A = Elapsed time spent in this place.
 B = Non-inter-level travel time spent in this place.
 C = Inter-level travel time spent in this place.
 D = Time resting spent in this place.
 E = Time spent auto-exploring this place.
 F = Levels seen in this place.
 G = Mean time per level.
                   A        B        C        D        E       F      G
               +--------+--------+--------+--------+--------+-----+--------+
         Total |   3699 |   3593 |    106 |      0 |   3095 |   5 |  739.8 |
       Dungeon |   3699 |   3593 |    106 |      0 |   3095 |   5 |  739.8 |
               +--------+--------+--------+--------+--------+-----+--------+

Top non-repeatable levels by time:
     D:2: 908 daAuts
     D:1: 863 daAuts
     D:4: 787 daAuts
     D:3: 748 daAuts
     D:5: 391 daAuts
